 Dungeon Crawl Stone Soup version 0.27.0-1-g7a089689b8 (webtiles) character file.

Game seed: 12749861820586392317

320 Nattfarinn the Magician (level 6, -6/40 HPs)
             Began as a Djinni Venom Mage on Aug 10, 2021.
             Killed from afar by a white imp (13 damage)
             ... with a puff of frost
             ... summoned by the player character
             ... on level 4 of the Dungeon.
             The game lasted 00:07:18 (5576 turns).

Nattfarinn the Magician (Djinni Venom Mage)         Turns: 5576, Time: 00:07:19

Health: -6/40      AC:  3    Str:  7    XL:     6   Next: 75%
Gold:   169        EV: 12    Int: 19    God:
                   SH:  5    Dex: 13

rFire    + + .     SeeInvis .   m - +1 dagger (venom)
rCold    x . .     Faith    .   (no shield)
rNeg     . . .     Spirit   .   a - +0 robe
rPois    ∞         Reflect  +   g - +0 helmet
rElec    .         Harm     .   (no cloak)
rCorr    .         Rampage  .   (no gloves)
Will     .....                  (boots unavailable)
Stlth    ++........             j - amulet of reflection
HPRegen  0.13/turn              (no ring)
MPRegen  0.00/turn              (no ring)

@: flying
A: sickness immunity, fire resistance 2, cold vulnerability 1, float, innate
caster, hp casting, extra vitality 1
a: no special abilities


You were on level 4 of the Dungeon.
You visited 1 branch of the dungeon, and saw 4 of its levels.

You collected 169 gold pieces.

Inventory:

Hand Weapons
 m - a +1 dagger of venom (weapon)
Armour
 a - a +0 robe (worn)
 g - a +0 helmet (worn)
 n - a +0 leather armour of positive energy
Jewellery
 j - an amulet of reflection (around neck)
 k - a ring of positive energy
 l - a ring of see invisible
 o - a ring of fire
Wands
 h - a wand of iceblast (13)
 q - a wand of paralysis (6)
Scrolls
 c - a scroll of silence
 p - a scroll of identify
 r - a scroll of enchant weapon {unknown}
 t - a scroll of magic mapping
 u - a scroll of immolation {unknown}
Potions
 d - 2 potions of flight
 e - a potion of ambrosia {unknown}
 f - a potion of degeneration {unknown}
 i - 2 potions of lignification {unknown}
 s - a potion of resistance {unknown}


   Skills:
 - Level 2.1 Dodging
 - Level 1.5 Stealth
 + Level 0.3 Shields
 + Level 0.3 Unarmed Combat
 + Level 5.3 Spellcasting


You had 2 spell levels left.
You knew the following spells:

 Your Spells              Type           Power      Damage    Failure   Level
a - Sting                 Tmut/Pois      100%       1d8       1%          1
b - Poisonous Vapours     Pois/Air       50%        N/A       1%          2
c - Mephitic Cloud        Conj/Pois/Air  25%        N/A       4%          3
d - Olgreb's Toxic Radia  Pois           25%        N/A       13%         4
e - Shock                 Conj/Air       100%       1d9       1%          1
f - Call Imp              Summ           25%        N/A       1%          2
Your spell library was empty.

Dungeon Overview and Level Annotations

Branches:
Dungeon (4/15)
 Temple: D:4-7

Altars:
Ashenzari
Sif Muna


Innate Abilities, Weirdness & Mutations

You are immune to sickness and miasma.
You are immune to poison.
Your flesh is very heat resistant. (rF++)
You are vulnerable to cold. (rC-)
You float through the air rather than walking.
You learn spells naturally, not from books.
Your magical power is your life essence.
You have superior vitality. (+4 HP)


Message History

A beastly little devil appears in a puff of frigid air.
* * * LOW HITPOINT WARNING * * *
You block the water moccasin skeleton's attack.
You hit the water moccasin skeleton.
The water moccasin skeleton is moderately damaged.
The water moccasin skeleton barely misses you.
Your white imp hits the water moccasin skeleton.
Your white imp freezes the water moccasin skeleton.
The water moccasin skeleton completely resists.
You hit the water moccasin skeleton.
The water moccasin skeleton is heavily damaged.
The water moccasin skeleton bites you.
* * * LOW HITPOINT WARNING * * *
Your white imp hits the water moccasin skeleton.
Your white imp freezes the water moccasin skeleton.
The water moccasin skeleton completely resists.
You hit the water moccasin skeleton.
The water moccasin skeleton is severely damaged.
The water moccasin skeleton bites you.
* * * LOW HITPOINT WARNING * * *
The water moccasin skeleton barely misses you.
Your white imp barely misses the water moccasin skeleton.
You barely miss the water moccasin skeleton.
The water moccasin skeleton is severely damaged.
The water moccasin skeleton bites you.
* * * LOW HITPOINT WARNING * * *
Your white imp hits the water moccasin skeleton.
Your white imp freezes the water moccasin skeleton.
The water moccasin skeleton completely resists.
You feel better. The water moccasin skeleton bites you.
* * * LOW HITPOINT WARNING * * *
Your white imp misses the water moccasin skeleton.
You hit the water moccasin skeleton.
The water moccasin skeleton is almost destroyed.
The water moccasin skeleton bites you.
* * * LOW HITPOINT WARNING * * *
Your white imp gestures at the water moccasin skeleton.
The puff of frost misses the water moccasin skeleton.
The puff of frost hits you!
You feel a terrible chill!
You die...

##.##*,...*
#<...
#..#*,....*
#....
#..#,.....*
###..
#..#......*
###
#...†.....*
#.#......#*
#5#......#
####
#Z#......#
##..#
##@#.....##
#...##
#..#.....#
##....#
#.##....##
#.....##
#.#*#..##
##......#
#.# *,,*
#.......#
#.# *,**
##.......#
##.# ***
#........#
#..#
#........#
#..#
##........#


You could see a water moccasin skeleton (ally target) and a friendly white imp
(summoned).

Vanquished Creatures
  An ogre (D:4)
  A hound (D:4)
  An orc priest (D:3)
  Ijyb (D:4)
  7 adders
  A white imp (D:4)
  A worm (D:2)
  2 dart slugs
  9 orcs
  6 bats
  3 endoplasms
  5 giant cockroaches
  9 goblins
  4 hobgoblins
  4 kobolds
  2 quokkas
  3 ball pythons
  A frilled lizard (D:1)
  4 rats
65 creatures vanquished.

Notes
Turn   | Place    | Note
-------+----------+-------------------------------------------
     0 | D:1      | Nattfarinn the Djinni Venom Mage began the quest for the
                  | Orb.
     0 | D:1      | Reached XP level 1. HP: 15/15 MP: 0/0
   428 | D:1      | Reached XP level 2. HP: 18/21 MP: 0/0
   913 | D:1      | Reached skill level 3 in Spellcasting
  1464 | D:2      | Reached XP level 3. HP: 14/25 MP: 0/0
  1464 | D:2      | Learned a level 1 spell: Shock
  2549 | D:2      | Found a faded altar of an unknown god.
  2671 | D:2      | Reached XP level 4. HP: 17/31 MP: 0/0
  3793 | D:3      | Found a broken altar of Ashenzari.
  3804 | D:3      | Reached skill level 4 in Spellcasting
  4024 | D:3      | Reached XP level 5. HP: 32/35 MP: 0/0
  4024 | D:3      | Learned a level 2 spell: Call Imp
  4766 | D:4      | Noticed Ijyb
  4788 | D:4      | Reached XP level 6. HP: 10/40 MP: 0/0
  4794 | D:4      | Killed Ijyb
  4795 | D:4      | Reached skill level 5 in Spellcasting
  5016 | D:4      | Noticed an ogre
  5025 | D:4      | Killed an ogre
  5574 | D:4      | HP: 2/40 [water moccasin skeleton (5)]
  5576 | D:4      | Killed from afar by a white imp

Illustrated notes

Levels and vault maps discovered:
D:1:      dpeg_arrival_another_circle, layout_loops_ring
D:2:      layout_basic, hellmonk_ecumenical_altar_lost_god,
          minmay_increasing_density
D:3:      layout_loops_ring, led_sif_pool, ashenzari_altar_1, minmay_bisected
D:4:      layout_cave_pods, uniq_ijyb

Skill      XL: |  1  2  3  4  5  6 |
---------------+-------------------+-----
Spellcasting   | 3 4 5 |  5.3
Dodging        | |  2.1
Stealth        | |  1.5
Shields        | |  0.3
Unarmed Combat | |  0.3

Action                   |  1- 3 |  4- 6 || total
-------------------------+-------+-------++-------
Melee: Unarmed           |    16 |     2 ||    18
       Dagger            |       |    14 ||    14
 Cast: Sting             |    41 |     8 ||    49
       Poisonous Vapours |    34 |    24 ||    58
       Shock             |       |    63 ||    63
       Olgreb's Toxic Ra |       |     1 ||     1
       Call Imp          |       |     1 ||     1
  Use: Scroll            |     1 |     4 ||     5
       Potion            |       |     4 ||     4
Armor: Robe              |    11 |     9 ||    20
Dodge: Dodged            |    22 |    30 ||    52
Block: Other             |     6 |     8 ||    14
